 Dungeon Crawl Stone Soup version 0.30-a0-4-ga7cffc901d (webtiles) character file.

Game seed: 6217291717264954936

2120 KleinerIrrer the Martial Artist (level 9, -6/59 HPs)
             Began as an Octopode Monk on Aug 21, 2022.
             Mangled by Pikel
             ... wielding a +2 whip of freezing
              (9 damage)
             ... on level 5 of the Dungeon.
             The game lasted 00:09:53 (8038 turns).

KleinerIrrer the Martial Artist (Octopode Monk)     Turns: 8038, Time: 00:09:54

Health: -6/59      AC:  1    Str: 16    XL:     9   Next: 29%
Magic:  17/17      EV: 15    Int: 16    God:
Gold:   149        SH:  5    Dex: 21    Spells: 16/19 levels left

rFire   . . .      SeeInvis .    q - +3 short sword (venom)
rCold   . . .      Faith    .    l - +1 buckler {rN+}
rNeg    + . .      Spirit   .    (helmet restricted)
rPois   .          Reflect  .    (no amulet)
rElec   .          Harm     .    d - +6 ring of strength
rCorr   .          Rampage  .    g - +6 ring of dexterity
Will    .....                    (no ring)
Stlth   ++++......               (no ring)
HPRegen 0.19/turn                (no ring)
MPRegen 0.15/turn                (no ring)
                                 (no ring)
                                 (no ring)

@: studying Spellcasting
A: almost no armour, amphibious, 8 rings, camouflage 1, gelatinous body 1,
(nimble swimmer 1), tentacles
a: no special abilities


You were on level 5 of the Dungeon.
You visited 1 branch of the dungeon, and saw 6 of its levels.

You collected 239 gold pieces.
You spent 90 gold pieces at shops.

Inventory:

Hand Weapons
 q - a +3 short sword of venom (weapon)
Missiles
 c - a curare-tipped dart
 m - 17 poisoned darts (quivered)
 A - 5 atropa-tipped darts
Armour
 l - a +1 buckler of positive energy (worn)
Jewellery
 d - a +6 ring of strength (left tentacle)
 g - a +6 ring of dexterity (right tentacle)
Wands
 f - a wand of flame (50)
 n - a wand of digging (2)
 y - a wand of quicksilver (5)
Scrolls
 b - a scroll of brand weapon {unknown}
 e - 2 scrolls of teleportation {unknown}
 p - a scroll of magic mapping
 s - a scroll of vulnerability {unknown}
 v - a scroll of silence {unknown}
 x - a scroll of fog {unknown}
 z - 2 scrolls of identify
 B - a scroll of amnesia {unknown}
Potions
 a - 2 potions of ambrosia
 h - 2 potions of attraction {unknown}
 i - a potion of degeneration {unknown}
 j - 3 potions of brilliance
 k - a potion of might
 o - 4 potions of curing
 r - a potion of heal wounds {unknown}
 t - a potion of flight {unknown}
 w - 2 potions of lignification {unknown}


   Skills:
 + Level 4.5 Fighting
 + Level 4.3 Dodging
 - Level 2.6 Stealth
 * Level 9.4 Unarmed Combat
 + Level 5.5 Spellcasting
 + Level 4.3 Transmutations


You had 16 spell levels left.
You knew the following spells:

 Your Spells              Type           Power      Damage    Failure   Level
a - Beastly Appendage     Tmut           36%        N/A       3%          1
b - Wereblood             Tmut           18%        N/A       4%          2

Your spell library contained the following spells:

 Spells                   Type           Power      Damage    Failure   Level
 Spider Form              Tmut/Pois      11%        N/A       24%         3
 Fulminant Prism          Conj/Hex       2%         3d6       89%         4
 Iskenderun's Mystic Bla  Conj/Tloc      4%         2d3       89%         4
 Lee's Rapid Deconstruct  Erth           2%         3d5*      99%         5


Dungeon Overview and Level Annotations

Branches:
Dungeon (6/15)
 Temple: D:4-7

Altars:
Cheibriados
Dithmenos
Fedhas
Ru
Sif Muna
Vehumet
Zin

Annotations:
D:5 exclusion: statue, Pikel


Innate Abilities, Weirdness & Mutations

You cannot wear most types of armour.
You are amphibious.
You can wear up to eight rings at the same time.
Your skin changes colour to match your surroundings (Stealth+).
Your rubbery body absorbs attacks. (AC +1, EV +1)
((You are camouflaged when in or above water. (Stealth+)))
You have tentacles for arms and can constrict up to eight enemies at once.


Message History

You hit the lemure but do no damage. You grab the lemure.
You squeeze the lemure!
The lemure is moderately wounded.
You constrict the lemure, but do no damage.
The lemure hits you. The lemure barely misses you.
You hit the lemure.
The lemure is poisoned.
The lemure is heavily wounded.
You constrict the lemure. The lemure hits you.
You hit the lemure.
The lemure looks as sick as possible!
The lemure is almost dead.
You constrict the lemure.
You kill the lemure!
That felt strangely unrewarding.
You hit Pikel but do no damage.
Pikel is poisoned.
You grab Pikel. You tentacle-slap Pikel.
Pikel is lightly wounded.
You constrict Pikel, but do no damage. Pikel barely misses you.
You barely miss Pikel.
Pikel is lightly wounded.
You constrict Pikel.
Pikel hits you with a +2 whip of freezing!
Pikel freezes you.
You hit Pikel.
Pikel looks even sicker.
Pikel is moderately wounded.
You constrict Pikel.
Pikel hits you with a +2 whip of freezing!
* * * LOW HITPOINT WARNING * * *
Pikel freezes you.
* * * LOW HITPOINT WARNING * * *
Okay, then.
As you read the scroll of fear, it crumbles to dust.
You assume a fearsome visage.
Pikel looks frightened!
You constrict Pikel.
Pikel struggles to escape constriction.
You completely miss Pikel.
Your attack snaps Pikel out of his fear.
You squeeze Pikel, but do no damage.
Pikel is heavily wounded.
You constrict Pikel.
Pikel hits you with a +2 whip of freezing!
You die...

##..#
#.#......##..###.##....
#...# #.###.##.##.##
##.###.# #..##
#.###.##.###.###.## #.#
#..# #..##.##.# ##.#.##
#.# #..# ##.#..##.# ##.##
###.# #..# #.#.###.# #.#
#.... #..# ##.#.# #.# #.#
#.[.. #####..####....###.#
#.# #....
....#....)....#.@K.# #.#
#.... .##....>.......#####
#.# #....
..#.#(####.#.#.#########.#
###.# ..#.#.#
#................# #.#
..#.#.# #..#.#.###########
#.# _[#.#.###..#.#.# #.#
..#.#........#.# #.#
8l#.####..####.# #.#
#..###..# #.# ###### #.#


You could see Pikel (very poisoned).

Vanquished Creatures
  Sigmund (D:6)
  2 water moccasins
  An ice beast (D:6)
  An orc warrior (D:6)
  A black bear (D:5)
  2 ogres (D:5)
  2 centaurs (D:4)
  3 lemures
  A phantom (D:5)
  A kobold brigand (D:6)
  A bullfrog (D:5)
  2 necrophages
  2 scorpions
  A jelly (D:5)
  4 hounds
  3 orc priests
  Ijyb (D:4)
  Terence (D:3)
  2 orc wizards
  3 iguanas
  A mummy (D:4)
  A gnoll (D:1)
  10 adders
  2 shadow imps (D:5)
  A white imp (D:5)
  3 ufetubi
  4 worms
  A dart slug (D:1)
  20 orcs
  8 ball pythons
  3 endoplasms
  7 giant cockroaches
  11 goblins
  9 hobgoblins
  3 jackals (D:2)
  5 quokkas
  5 bats
  5 frilled lizards
  11 kobolds
  6 rats
151 creatures vanquished.

Vanquished Creatures (others)
  10 fungi
  5 plants (D:6)
15 creatures vanquished.

Grand Total: 166 creatures vanquished

Notes
Turn   | Place    | Note
-------+----------+-------------------------------------------
     0 | D:1      | KleinerIrrer the Octopode Monk began the quest for the Orb.
     0 | D:1      | Reached XP level 1. HP: 16/16 MP: 1/1
   106 | D:1      | Reached XP level 2. HP: 13/21 MP: 2/2
   114 | D:1      | Reached skill level 4 in Unarmed Combat
   351 | D:1      | Reached XP level 3. HP: 26/26 MP: 3/3
  1174 | D:1      | Found a faded altar of an unknown god.
  1400 | D:2      | Reached XP level 4. HP: 25/31 MP: 4/4
  1627 | D:2      | Reached skill level 5 in Unarmed Combat
  2437 | D:3      | Noticed Terence
  2446 | D:3      | Killed Terence
  2447 | D:3      | Reached XP level 5. HP: 35/36 MP: 5/5
  3001 | D:3      | Reached skill level 6 in Unarmed Combat
  3306 | D:4      | Found Zin's Purification Station.
  3316 | D:4      | Reached XP level 6. HP: 37/42 MP: 6/6
  3349 | D:4      | Found a glowing silver altar of Zin.
  3406 | D:4      | Bought a potion of curing for 90 gold pieces
  3595 | D:4      | Learned a level 1 spell: Beastly Appendage
  3628 | D:4      | Found a snail-covered altar of Cheibriados.
  3656 | D:4      | Noticed Ijyb
  3665 | D:4      | Killed Ijyb
  3807 | D:4      | Found a shimmering blue altar of Sif Muna.
  3914 | D:4      | Reached skill level 7 in Unarmed Combat
  3914 | D:4      | Reached skill level 1 in Transmutations
  4012 | D:4      | Reached skill level 1 in Spellcasting
  4012 | D:4      | Reached XP level 7. HP: 9/46 MP: 8/8
  4724 | D:5      | Entered Level 5 of the Dungeon
  4741 | D:5      | Learned a level 2 spell: Wereblood
  4755 | D:5      | Found a sacrificial altar of Ru.
  5141 | D:5      | Found a shadowy altar of Dithmenos.
  5455 | D:5      | Reached skill level 8 in Unarmed Combat
  5861 | D:5      | Reached XP level 8. HP: 52/52 MP: 11/13
  6460 | D:5      | Found a radiant altar of Vehumet.
  6925 | D:6      | Noticed Sigmund
  6940 | D:6      | Killed Sigmund
  7088 | D:6      | Reached skill level 9 in Unarmed Combat
  7095 | D:6      | Found a blossoming altar of Fedhas.
  7371 | D:5      | Reached skill level 5 in Spellcasting
  7371 | D:5      | Reached XP level 9. HP: 40/58 MP: 16/16
  7872 | D:6      | Noticed Pikel
  8038 | D:5      | Mangled by Pikel

Illustrated notes

Levels and vault maps discovered:
D:1:      dpeg_arrival_tiny_a, layout_basic, ebering_ecumenical_altar_petrified
D:2:      layout_loops_ring
D:3:      kennysheep_big_flooded_room, layout_basic, chequers_mini_garden,
          uniq_terence
D:4:      layout_basic, zin_purify, kennysheep_mini_moat, chei_slow_surprise,
          serial_aquarium, aquarium_bridge_square [aquarium_subvault_bridge,
          aquarium_subvault_bridge, aquarium_subvault_bridge,
          aquarium_subvault_window], aquarium_window_fake, aquarium_window_1,
          aquarium_window_fake, aquarium_view_2d, minmay_manual_mares, uniq_ijyb
D:5:      layout_loops_ring, nicolae_ru_the_path_less_chosen, vehumet_statue,
          grunt_dithmenos_smoke_and_mirrors, minmay_ogre_servants
D:6:      layout_basic, fedhas_altar_3, mainiacjoe_overflow_paths,
          kennysheep_mini, uniq_pikel, uniq_sigmund

Skill      XL: |  1  2  3  4  5  6  7  8  9 |
---------------+----------------------------+-----
Unarmed Combat | 4 5 6 7 8 9 |  9.4
Transmutations | 1 2 3 4 |  4.3
Spellcasting   | 1 3 5 |  5.5
Fighting       | 4 |  4.5
Dodging        | 4 |  4.3
Stealth        | |  2.6

Action                   |  1- 3 |  4- 6 |  7- 9 || total
-------------------------+-------+-------+-------++-------
Melee: Dagger            |    58 |    45 |       ||   103
       Tentacles         |    15 |    27 |    46 ||    88
       Unarmed           |     3 |       |       ||     3
       Constrict         |    12 |    33 |    38 ||    83
       Punch             |     1 |     3 |    21 ||    25
       Short sword       |       |    54 |   151 ||   205
Throw: Dart              |     1 |       |     6 ||     7
  Use: Scroll            |     3 |     2 |     2 ||     7
       Potion            |       |     1 |     2 ||     3
 Stab: Sleeping          |    14 |    10 |     8 ||    32
Armor: Skin              |     3 |     4 |     4 ||    11
Dodge: Dodged            |    29 |    49 |    86 ||   164
Block: Buckler           |       |    11 |    26 ||    37

Table legend: (Time is in decaauts)
 A = Elapsed time spent in this place.
 B = Non-inter-level travel time spent in this place.
 C = Inter-level travel time spent in this place.
 D = Time resting spent in this place.
 E = Time spent auto-exploring this place.
 F = Levels seen in this place.
 G = Mean time per level.
                   A        B        C        D        E       F      G
               +--------+--------+--------+--------+--------+-----+--------+
         Total |   8074 |   7877 |    197 |   1036 |   5842 |   6 | 1345.7 |
       Dungeon |   8074 |   7877 |    197 |   1036 |   5842 |   6 | 1345.7 |
               +--------+--------+--------+--------+--------+-----+--------+

Top non-repeatable levels by time:
     D:5: 2991 daAuts
     D:4: 1456 daAuts
     D:1: 1294 daAuts
     D:2: 991 daAuts
     D:3: 988 daAuts
     D:6: 350 daAuts
